 Dungeon Crawl Stone Soup version 0.28-a0-94-g325244837d (webtiles) character file.

Game seed: 9093333424532251156

17 Leeroy the Grasshopper (level 2, -8/23 HPs)
             Began as a Palentonga Warper on Aug 7, 2021.
             Was an Initiate of Trog (penitent).
             Mangled by a polar bear (23 damage)
             ... created by the rage of Trog
             ... on level 1 of the Dungeon.
             The game lasted 00:01:20 (521 turns).

Leeroy the Grasshopper (Palentonga Warper)           Turns: 521, Time: 00:01:20

Health: -8/23      AC:  4    Str: 14    XL:     2   Next: 44%
Magic:  2/5        EV:  9    Int: 13    God:    Trog [*]
Gold:   25         SH:  0    Dex:  9    Spells: 3/5 levels left

rFire   . . .      SeeInvis +   a - +0 falchion
rCold   . . .      Faith    .   (no shield)
rNeg    . . .      Spirit   .   b - +0 leather armour
rPois   .          Reflect  .   (no helmet)
rElec   .          Harm     .   (no cloak)
rCorr   .          Rampage  .   (no gloves)
Will    .....                   (no barding)
Stlth   +.........              (no amulet)
HPRegen 0.07/turn               (no ring)
MPRegen 0.09/turn               (no ring)

@: no status effects
A: large, rugged brown scales 3, see invisible, deformed body, roll 1, armoured
tail
a: Rolling Charge, Renounce Religion


You were on level 1 of the Dungeon.
You worshipped Trog.
Trog was demanding penance.
You visited 1 branch of the dungeon, and saw 1 of its levels.

You collected 25 gold pieces.

Inventory:

Hand Weapons
 a - a +0 falchion (weapon)
Missiles
 d - 5 boomerangs of dispersal (quivered)
Armour
 b - a +0 leather armour (worn)
 i - a +0 buckler
Scrolls
 c - a scroll of blinking
 e - a scroll of noise {unknown}
 g - a scroll of summoning {unknown}
Potions
 f - a potion of magic {unknown}
 h - a potion of curing {unknown}


   Skills:
 - Level 2.0 Fighting
 - Level 2.8 Long Blades
 - Level 0.6 Throwing
 - Level 0.7 Armour
 - Level 1.5 Dodging
 - Level 2.0 Spellcasting
 * Level 3.2 Translocations


You had 3 spell levels left.
You knew the following spells:

 Your Spells              Type           Power      Damage    Failure   Level
a - Blink                 Tloc           N/A        N/A       13%         2

Your spell library contained the following spells:

 Spells                   Type           Power      Damage    Failure   Level
 Gell's Gravitas          Tloc           4%         N/A       26%         3
 Lesser Beckoning         Tloc           4%         N/A       26%         3
 Teleport Other           Tloc           9%         N/A       26%         3
 Manifold Assault         Tloc           9%         N/A       93%         5


Dungeon Overview and Level Annotations

Branches:
Dungeon (1/15)

Altars:
Trog
Beogh


Innate Abilities, Weirdness & Mutations

You are completely covered in rugged brown scales. (AC +3, +7% HP)
You have supernaturally acute eyesight. (SInv)
Armour fits poorly on your strangely shaped body.
You can roll at nearby foes to attack.
You have a long armoured tail.


Message History

You barely miss the kobold.
A goblin comes into view. It is wielding a +0 dagger.
The kobold hits you with a +0 whip.
You closely miss the kobold.
The goblin shouts!
The rat bites you. The kobold barely misses you.
You riposte.
You hit the kobold.
The kobold is heavily wounded.
You hit the kobold but do no damage.
The kobold is heavily wounded.
The rat bites you but does no damage. The kobold hits you with a +0 whip.
You hit the kobold.
Your tail-slap misses the kobold.
The kobold is severely wounded.
The rat bites you but does no damage. The kobold hits you but does no damage.
Your magical contamination has completely faded away.
You hit the kobold.
You kill the kobold!
Trog accepts your kill. The rat bites you. The rat barely misses you.
Trog does not appreciate your training of magic skills!
You feel a little guilty.
You hit the rat but do no damage. The rat barely misses you.
You riposte.
You hit the rat.
You kill the rat!
Trog accepts your kill.
Trog does not appreciate your training of magic skills!
You feel a little guilty. The goblin barely misses you.
Trog sends monsters to punish you. 2 polar bears and a black bear come into view.
You see here a rat corpse.
You hit the polar bear but do no damage.
You tail-slap the polar bear!
The polar bear is lightly wounded.
The goblin completely misses you.
You hit the polar bear but do no damage.
The polar bear is lightly wounded.
The goblin barely misses you. The polar bear bites you!!
Ouch! That really hurt!
You die...

........##.#
#[ #.###
##########.#
#. #.# #.#
#. #.# #.#
#. #.# #.#
#. #... ..#
#.#.###. .#
#..# #. #)h#
.. ##@# ##
#.....g#h#
######h #..
#. #.# #. .#
#. # #. ..


You could see 2 polar bears, a black bear (berserk) and a goblin.

Vanquished Creatures
  An endoplasm (D:1)
  2 giant cockroaches (D:1)
  3 goblins (D:1)
  2 hobgoblins (D:1)
  A kobold (D:1)
  2 ball pythons (D:1)
  A bat (D:1)
  4 rats (D:1)
16 creatures vanquished.

Notes
Turn   | Place    | Note
-------+----------+-------------------------------------------
     0 | D:1      | Leeroy the Palentonga Warper began the quest for the Orb.
     0 | D:1      | Reached XP level 1. HP: 17/17 MP: 3/3
    80 | D:1      | Found a faded altar of an unknown god.
    83 | D:1      | Became a worshipper of Trog the Wrathful
    83 | D:1      | Reached * piety under Trog
   144 | D:1      | Reached XP level 2. HP: 16/23 MP: 5/5
   328 | D:1      | Was placed under penance by Trog
   331 | D:1      | Learned a level 2 spell: Blink
   520 | D:1      | Noticed a polar bear
   520 | D:1      | Noticed a black bear
   520 | D:1      | Noticed a polar bear
   521 | D:1      | Mangled by a polar bear

Illustrated notes

Levels and vault maps discovered:
D:1:      amcnicky_arrival_feature_with_door, layout_loops_ring,
          hellmonk_ecumenical_altar_defaced_shrine

Action                   || total
-------------------------++-------
Melee: Falchion          ||    48
       Tailslap          ||     5
 Cast: Blink             ||     2
 Abil: Rolling Charge    ||     2
Armor: Leather armour    ||    19
Dodge: Dodged            ||    34
       Rpst.: Falchion   ||    10

Table legend: (Time is in decaauts)
 A = Elapsed time spent in this place.
 B = Non-inter-level travel time spent in this place.
 C = Inter-level travel time spent in this place.
 D = Time resting spent in this place.
 E = Time spent auto-exploring this place.
 F = Levels seen in this place.
 G = Mean time per level.
                   A        B        C        D        E       F      G
               +--------+--------+--------+--------+--------+-----+--------+
         Total |    528 |    528 |      0 |      0 |    426 |   1 |  528.0 |
       Dungeon |    528 |    528 |      0 |      0 |    426 |   1 |  528.0 |
               +--------+--------+--------+--------+--------+-----+--------+

Top non-repeatable levels by time:
     D:1: 528 daAuts
